 Dungeon Crawl Stone Soup version 0.27.1-3-gb3d3a73c9e (webtiles) character file.

Game seed: 14622794564515279067

143 karkarkar the Conjurer (level 5, -9/38 HPs)
             Began as a Draconian Conjurer on Oct 17, 2021.
             Mangled by Duvessa (12 damage)
             ... on level 4 of the Dungeon.
             The game lasted 00:11:21 (3947 turns).

karkarkar the Conjurer (Draconian Conjurer)         Turns: 3947, Time: 00:11:23

Health: -9/38      AC:  5    Str:  9    XL:     5   Next: 4%
Magic:  9/17       EV: 12    Int: 20    God:
Gold:   176        SH:  0    Dex:  9    Spells: 6/9 levels left

rFire    . . .     SeeInvis .   (no weapon)
rCold    . . .     Faith    .   (no shield)
rNeg     . . .     Spirit   .   (armour unavailable)
rPois    .         Reflect  .   (helmet restricted)
rElec    .         Harm     .   (no cloak)
rCorr    .         Rampage  .   (no gloves)
Will     .....                  (no boots)
Stlth    ++........             (no amulet)
HPRegen  0.12/turn              f - ring of magical power
MPRegen  0.15/turn              (no ring)

@: no status effects
A: AC +5, unfitting armour, cold-blooded
a: no special abilities


You were on level 4 of the Dungeon.
You visited 1 branch of the dungeon, and saw 4 of its levels.

You collected 176 gold pieces.

Inventory:

Missiles
 c - 12 boomerangs
 d - 2 javelins
 e - 37 poisoned darts
Jewellery
 f - a ring of magical power (left hand)
Scrolls
 b - a scroll of noise {unknown}
 g - 5 scrolls of teleportation
 h - a scroll of amnesia
 i - a scroll of enchant armour
 m - a scroll of brand weapon {unknown}
 o - a scroll of immolation
Potions
 a - a potion of heal wounds
 j - a potion of haste {unknown}
 k - 2 potions of curing {unknown}
 l - a potion of invisibility {unknown}
 n - a potion of attraction {unknown}


   Skills:
 + Level 2.2 Dodging
 + Level 2.2 Stealth
 + Level 2.6 Spellcasting
 + Level 5.2 Conjurations
 * Level 1.7 Translocations


You had 6 spell levels left.
You knew the following spells:

 Your Spells              Type           Power      Damage    Failure   Level
a - Magic Dart            Conj           92%        1d7       1%          1
b - Searing Ray           Conj           46%        3d4       2%          2

Your spell library contained the following spells:

 Spells                   Type           Power      Damage    Failure   Level
 Dazzling Flash           Conj/Hex       26%        N/A       16%         3
 Iskenderun's Mystic Bla  Conj/Tloc      16%        2d5       34%         4
 Fulminant Prism          Conj/Hex       6%         3d7       45%         4


Dungeon Overview and Level Annotations

Branches:
Dungeon (4/15)
 Temple: D:4-7

Altars:
The Shining One

Annotations:
D:4 Dowan, Duvessa


Innate Abilities, Weirdness & Mutations

Your plain brown scales are hard. (AC +5)
You cannot fit into any form of body armour.
You are cold-blooded and may be slowed by cold attacks.


Message History

Aim: Dowan, wielding a +0 dagger and wearing a +0 robe (lightly wounded, 38% to hit)
You throw a javelin. The javelin closely misses Dowan.
The javelin closely misses Duvessa.
Dowan gestures at you while chanting. You resist with some effort.
Aiming: Searing Ray (safe; 2% risk of failure)
Press: ? - help, Q - select action, (/) - cycle Shift-Dir - straight line, f/p - Dowan
Aim: Dowan, wielding a +0 dagger and wearing a +0 robe (lightly wounded, 69% to hit)
The searing ray hits Dowan!
Dowan is heavily wounded.
The searing ray hits Duvessa!
Duvessa is moderately wounded. (Press . to maintain the ray.)
The searing ray hits Dowan.
Dowan is severely wounded.
The searing ray hits Duvessa.
Duvessa is heavily wounded.
Dowan mumbles some strange words.
Dowan blinks!
The searing ray hits Dowan.
Dowan is almost dead.
Dowan throws and catches a handful of magical flame, then smirks.
Dowan gestures wildly while chanting.
Dowan blinks!
Duvessa hits you with a +0 short sword!
You finish channeling your searing ray.
Duvessa hits you with a +0 short sword!
Aiming: Searing Ray (safe; 2% risk of failure)
Press: ? - help, Q - select action, (/) - cycle Shift-Dir - straight line, f - Duvessa, p - Dowan
Aim: Duvessa, wielding a +0 short sword and wearing a +0 leather armour (heavily wounded, 81% to hit)
The searing ray hits Duvessa.
Duvessa is severely wounded. (Press . to maintain the ray.) Duvessa hits you with a +0 short sword!
* * * LOW HITPOINT WARNING * * *
The searing ray hits Duvessa!
Duvessa is almost dead.
Dowan points at you and mumbles some strange words.
The puff of flame hits you.
* * * LOW HITPOINT WARNING * * *
Duvessa hits you with a +0 short sword!
You die...

#
########################
..........e.....@e.[...(
##...........###########
##.#########.#########
##.####.#............#
##......#.##.#######.#
##..###.#.##.### #.#
........#.#....# #.#
##.####.#.#....# #.# #
##........#....#####.# #


You could see Duvessa and Dowan.

Vanquished Creatures
  An orc priest (D:4)
  2 hound skeletons (D:4)
  3 adders
  A dart slug (D:2)
  4 orcs (D:4)
  6 bats
  4 endoplasms
  2 giant cockroaches
  3 goblins
  5 hobgoblins
  4 jackals (D:2)
  6 kobolds
  2 quokkas
  5 ball pythons
  3 frilled lizards
51 creatures vanquished.

Notes
Turn   | Place    | Note
-------+----------+-------------------------------------------
     0 | D:1      | karkarkar the Draconian Conjurer began the quest for the
                  | Orb.
     0 | D:1      | Reached XP level 1. HP: 14/14 MP: 3/3
   358 | D:1      | Reached XP level 2. HP: 20/20 MP: 0/5
   361 | D:1      | Learned a level 2 spell: Searing Ray
  1559 | D:2      | Reached XP level 3. HP: 26/26 MP: 2/6
  2498 | D:3      | Found a faded altar of an unknown god.
  2598 | D:3      | Reached skill level 1 in Translocations
  3235 | D:4      | Reached XP level 4. HP: 33/33 MP: 7/7
  3288 | D:4      | Reached skill level 5 in Conjurations
  3624 | D:4      | Reached XP level 5. HP: 38/38 MP: 8/8
  3715 | D:4      | Found a glowing golden altar of the Shining One.
  3937 | D:4      | Noticed Dowan
  3938 | D:4      | Noticed Duvessa
  3947 | D:4      | Mangled by Duvessa

Illustrated notes

Levels and vault maps discovered:
D:1:      minmay_arrival_four_loops, layout_loops_cross
D:2:      layout_basic
D:3:      layout_basic, shapermc_ecumenical_altar_hornbeckon,
          hangedman_decor_push, kennysheep_nub
D:4:      layout_basic, mainiacjoe_overflow_cross_hatched,
          minmay_temple_entry_ruins, kennysheep_cross_room, uniq_duvessa

Skill      XL: |  1  2  3  4 |
---------------+-------------+-----
Translocations | 1 |  1.7
Dodging        | 2 |  2.2
Stealth        | 2 |  2.2
Conjurations   | 5 |  5.2
Spellcasting   | |  2.6

Action                   |  1- 3 |  4- 6 || total
-------------------------+-------+-------++-------
Melee: Unarmed           |     2 |       ||     2
Throw: Boomerang         |    10 |    13 ||    23
       Javelin           |     1 |     7 ||     8
 Cast: Magic Dart        |    27 |       ||    27
       Searing Ray       |    23 |    13 ||    36
  Use: Scroll            |     3 |     2 ||     5
Armor: Skin              |    15 |       ||    15
Dodge: Dodged            |    49 |     1 ||    50
